 Dungeon Crawl Stone Soup version 0.20.0-14-g326068f (webtiles) character file.

473 Naow the Cudgeler (level 7, -2/41 HPs)
             Began as a Gargoyle Fighter on June 9, 2017.
             Was an Initiate of Makhleb.
             Slain by a scorpion (6 damage)
             ... on level 4 of the Dungeon.
             The game lasted 00:05:25 (3857 turns).

Naow the Cudgeler (Gargoyle Fighter)                Turns: 3857, Time: 00:05:26

Health: -2/41      AC: 11    Str: 21    XL:     7   Next: 10%
Magic:  7/7        EV:  7    Int:  9    God:    Makhleb [......]
Gold:   331        SH: 10    Dex:  9    Spells: 6/6 levels left

rFire    . . .     SeeInvis .   a - +0 flail
rCold    . . .     Gourm    .   c - +0 shield
rNeg     + . .     Faith    .   b - +0 scale mail
rPois    ∞         Spirit   .   (no helmet)
rElec    +         Reflect  .   (no cloak)
rCorr    .         Harm     .   (no gloves)
MR       .....                  (no boots)
Stlth    ..........             (no amulet)
Regen    0.2/turn               (no ring)
MPRegen  0.1/turn               (no ring)

@: no status effects
A: negative energy resistance 1, electricity resistance, unbreathing,
petrification resistance, rot immunity, AC +4
a: Renounce Religion


You were on level 4 of the Dungeon.
You worshipped Makhleb.
Makhleb was noncommittal.
You were not hungry.

You visited 2 branches of the dungeon, and saw 5 of its levels.

You collected 331 gold pieces.

Inventory:

Hand Weapons
 a - a +0 flail (weapon)
Armour
 b - a +0 scale mail (worn)
 c - a +0 shield (worn)
Jewellery
 q - a +5 ring of intelligence {unknown}
 u - an uncursed amulet of faith {unknown}
Scrolls
 e - 2 scrolls of immolation {unknown}
 g - 4 scrolls of identify {unknown}
 j - a scroll of blinking {unknown}
 l - 6 scrolls of remove curse {unknown}
 m - a scroll of enchant weapon {unknown}
 n - a scroll of fear {unknown}
 s - a scroll of enchant armour {unknown}
Potions
 d - a potion of might
 h - 2 potions of curing {unknown}
 i - a potion of resistance {unknown}
 o - a potion of haste {unknown}
 p - 2 potions of agility {unknown}
 t - a potion of degeneration {unknown}
 v - a potion of magic {unknown}
 w - a potion of cancellation {unknown}
 z - a potion of lignification {unknown}
Books
 y - a book of Conjurations

   Spells                             Type                      Level
   a - Magic Dart                     Conjuration                  1
   b - Searing Ray                    Conjuration                  2
   c - Dazzling Spray                 Conjuration/Hexes            3
   d - Fulminant Prism                Conjuration/Hexes            4
   e - Force Lance                    Conjuration/Translocation    4
   f - Iskenderun's Mystic Blast      Conjuration                  4
Comestibles
 f - 2 bread rations
 k - 4 fruits
 r - a chunk of flesh
 x - 3 royal jellies
 A - a meat ration


   Skills:
 - Level 3.2 Fighting
 * Level 6.3 Maces & Flails
 - Level 3.2 Armour
 + Level 5.4 Shields


You had 6 spell levels left.
You didn't know any spells.

Dungeon Overview and Level Annotations

Branches:
Dungeon (4/15)             Temple (1/1) D:4

Altars:
Ashenzari
Cheibriados
Dithmenos
Fedhas
Hepliaklqana
Kikubaaqudgha
Makhleb
Okawaru
Qazlal
Ru
Trog
Uskayaw
Xom
Yredelemnul
Zin
The Shining One


Innate Abilities, Weirdness & Mutations

You are resistant to torment.
Your stone body is resilient. (AC +4)
You are immune to poison.
You resist negative energy. (rN+)
You are resistant to electric shocks. (rElec)
You can survive without breathing.
You are immune to petrification.
You are immune to rotting.


Message History

The ogre hits you with a giant spiked club!
You block the adder's attack.
You hit the ogre.
The ogre is severely wounded.
You block the ogre's attack. The adder bites you but does no damage.
Your shield and scale mail prevent you from hitting the ogre.
The ogre is severely wounded.
The adder bites you but does no damage.
The ogre hits you with a giant spiked club.
You block the adder's attack.
Your shield and scale mail prevent you from hitting the ogre.
The ogre is severely wounded.
The adder bites you but does no damage.
The ogre hits you with a giant spiked club!!
Ouch! That really hurt!
* * * LOW HITPOINT WARNING * * *
You barely miss the ogre.
The ogre is severely wounded.
You block the adder's attack. The scorpion stings you.
You die...

...... ............###
#..... ...........>...
....>. ................
...... ................
...... ................
......
...............#####....#
.......OS....#.#...#[....
.......s@....'.. ........
.............#.####......
.....#.....##....+......
.... #.....##....#......
... ###...##.......#...
## #...##.......#...
#...#........###.
..#####...#........###.
..........#........##..


You could see an ogre, a scorpion and an adder.

Vanquished Creatures
  The ghost of dscm the Sneak, an amateur OpEE of Uskayaw (D:4)
  A crimson imp (D:4)
  2 orc wizards (D:3)
  An orc priest (D:3)
  A hound (D:4)
  A bullfrog skeleton (D:4)
  2 worker ants (D:4)
  A mummy (D:4)
  An adder (D:4)
  An ooze (D:3)
  5 worms
  5 leopard geckos
  4 orcs
  3 ball pythons
  11 bats
  4 giant cockroaches
  10 goblins
  5 hobgoblins
  7 jackals
  6 kobolds
  A quokka (D:3)
  10 frilled lizards
  A kobold zombie (D:4)
  8 rats
92 creatures vanquished.

Notes
Turn   | Place    | Note
-------+----------+-------------------------------------------
     0 | D:1      | Naow the Gargoyle Fighter began the quest for the Orb.
     0 | D:1      | Reached XP level 1. HP: 14/14 MP: 1/1
   151 | D:1      | Reached XP level 2. HP: 16/19 MP: 2/2
   466 | D:1      | Reached skill level 3 in Maces & Flails
   490 | D:1      | Reached XP level 3. HP: 12/23 MP: 3/3
  1927 | D:3      | Reached XP level 4. HP: 28/28 MP: 4/4
  1953 | D:3      | Reached skill level 4 in Maces & Flails
  1973 | D:3      | Reached XP level 5. HP: 19/32 MP: 5/5
  2326 | D:3      | Found a glowing silver altar of Zin.
  2912 | D:4      | Reached skill level 5 in Maces & Flails
  2912 | D:4      | Reached XP level 6. HP: 37/37 MP: 6/6
  3049 | D:4      | Found a staircase to the Ecumenical Temple.
  3127 | D:4      | Reached skill level 5 in Shields
  3154 | D:4      | Noticed dscm's ghost (amateur OpEE)
  3180 | D:4      | Killed dscm's ghost
  3180 | D:4      | Reached skill level 6 in Maces & Flails
  3556 | D:4      | Reached XP level 7. HP: 41/41 MP: 7/7
  3611 | Temple   | Entered the Ecumenical Temple
  3717 | Temple   | Became a worshipper of Makhleb the Destroyer
  3784 | D:4      | Found a basalt altar of Yredelemnul.
  3790 | D:4      | Found a sacrificial altar of Ru.
  3791 | D:4      | Found an ancient bone altar of Kikubaaqudgha.
  3791 | D:4      | Found an iron altar of Okawaru.
  3857 | D:4      | Slain by a scorpion

Skill      XL: |  1  2  3  4  5  6 |
---------------+-------------------+-----
Maces & Flails | 3 4 5 6 |  6.3
Shields        | 4 5 |  5.4
Fighting       | |  3.2
Armour         | |  3.2

Action                   |  1- 3 |  4- 6 |  7- 9 || total
-------------------------+-------+-------+-------++-------
Melee: Flail             |   173 |   190 |    50 ||   413
  Eat: Chunk             |     4 |     5 |     1 ||    10
Armor: Scale mail        |    85 |   104 |    35 ||   224
Dodge: Dodged            |    65 |    62 |    20 ||   147
Block: Shield            |    97 |    83 |    31 ||   211
